MID
BINGHAMTON METS @ GREENSBORO GRASSHOPPERS
07/16/2045
 
TOP OF THE 1ST
Binghamton Mets batting - Pitching for Greensboro Grasshoppers : RHP Zack Evans
Pitching: RHP Zack Evans
Batting: RHB Ben Herman 0-0: Ball
1-0: Called Strike
1-1: Ball
2-1: Foul Ball, location: 2F
2-2: Ball
3-2: Strikes out looking
Batting: LHB Bayesa Mundhir 0-0: Ball
1-0: Ground out 4-3 (Groundball, 4, EV 89.4 MPH)
Batting: LHB Adam Barry 0-0: Swinging Strike
0-1: SINGLE (Groundball, 4MD, EV 110.0 MPH)
Batting: SHB Julio Ramos 0-0: Ball
1-0: Ball
2-0: Fielders Choice at 2nd, U6 (Groundball, 4MD, EV 104.4 MPH)
Top of the 1st over - 0 runs, 1 hit, 0 errors, 1 left on base; Binghamton 0 - Greensboro 0
BOTTOM OF THE 1ST
Greensboro Grasshoppers batting - Pitching for Binghamton Mets : RHP Jarred Sharp
Pitching: RHP Jarred Sharp
Batting: RHB Gavin Helton 0-0: Foul Ball, location: 2F
0-1: Ball
1-1: Swinging Strike
1-2: Foul Ball, location: 2F
1-2: Reached on error, E1 (Groundball, 25, EV 55.6 MPH)
Batting: LHB Jose Cabello 0-0: SINGLE (Groundball, 56D, EV 107.5 MPH)
Gavin Helton to third
Runner from 3rd tries for Home, throw by LF and OUT! 7-2
Jose Cabello to second
Batting: RHB Akira Suzuki 0-0: Ball
1-0: Ball
2-0: Ball
3-0: Foul Ball, location: 2F
3-1: Base on Balls
Batting: RHB Willie Chavez 0-0: Ball
1-0: Swinging Strike
1-1: Ball
2-1: Fly out, F4 (Popup, 34, EV 65.0 MPH)
Batting: RHB Kyle Ashton 0-0: Called Strike
0-1: Swinging Strike
0-2: Ball
1-2: Foul Ball, location: 2F
1-2: Ball
2-2: Strikes out swinging
Bottom of the 1st over - 0 runs, 1 hit, 1 error, 2 left on base; Binghamton 0 - Greensboro 0
TOP OF THE 2ND
Binghamton Mets batting - Pitching for Greensboro Grasshoppers : RHP Zack Evans
Batting: SHB Tadaaki Kondo 0-0: Ball
1-0: Called Strike
1-1: Foul Ball, location: 2F
1-2: DOUBLE (Line Drive, 89D, EV 106.9 MPH)
Batting: RHB David Stayton 0-0: Foul Ball, location: 2F
0-1: Ball
1-1: Called Strike
1-2: Ground out 3-1 (Groundball, 34S, EV 80.0 MPH)
Tadaaki Kondo to third
Batting: LHB Mike Condon 0-0: Called Strike
0-1: Foul Ball, location: 2F
0-2: Ball
Passed Ball!
Tadaaki Kondo scores
1-2: Ground out 4-3 (Groundball, 4, EV 86.2 MPH)
Batting: SHB Jerry Burrows 0-0: Ground out 6-3 (Groundball, 6, EV 98.8 MPH)
Top of the 2nd over - 1 run, 1 hit, 0 errors, 0 left on base; Binghamton 1 - Greensboro 0
BOTTOM OF THE 2ND
Greensboro Grasshoppers batting - Pitching for Binghamton Mets : RHP Jarred Sharp
Batting: RHB Jordan Arcidez 0-0: Ball
1-0: Foul Ball, location: 2F
1-1: Ball
2-1: Swinging Strike
2-2: Strikes out swinging
Batting: RHB John Jackson 0-0: Called Strike
0-1: DOUBLE (Line Drive, 8LXD, EV 110.0 MPH)
Batting: RHB Humberto Oros 0-0: Called Strike
0-1: Foul Ball, location: 2F
0-2: Ball
1-2: Ball
2-2: SINGLE (Groundball, P, EV 96.2 MPH)
John Jackson to third
Batting: RHB Marco Sianez 0-0: Foul Ball, location: 2F
0-1: Called Strike
0-2: Ball
1-2: Strikes out looking
Batting: RHB Gavin Helton 0-0: Ball
1-0: Fielders Choice at 2nd, 6-4 (Groundball, 6, EV 107.5 MPH)
Bottom of the 2nd over - 0 runs, 2 hits, 0 errors, 2 left on base; Binghamton 1 - Greensboro 0
TOP OF THE 3RD
Binghamton Mets batting - Pitching for Greensboro Grasshoppers : RHP Zack Evans
Batting: RHB Tetsuhiro Taki 0-0: Called Strike
0-1: Foul Ball, location: 2F
0-2: Foul Ball, location: 2F
0-2: Ball
1-2: Foul Ball, location: 2F
1-2: Strikes out swinging
Batting: RHB Ben Herman 0-0: Called Strike
0-1: Ball
1-1: SINGLE (Groundball, 34S, EV 71.9 MPH) (infield hit)
Batting: LHB Bayesa Mundhir 0-0: Ball
1-0: Ball
2-0: Foul Ball, location: 2F
2-1: Ball
3-1: Foul Ball, location: 2F
3-2: Foul Ball, location: 2F
3-2: Foul Ball, location: 2F
3-2: Base on Balls
Ben Herman to second
Batting: LHB Adam Barry 0-0: Foul Ball, location: 2F
0-1: Foul Ball, location: 2F
0-2: Foul Ball, location: 2F
0-2: Strikes out swinging
Batting: SHB Julio Ramos 0-0: Ball
1-0: Swinging Strike
1-1: Ball
2-1: Hit by Pitch
Ben Herman to third
Bayesa Mundhir to second
Batting: SHB Tadaaki Kondo 0-0: Called Strike
0-1: Ball
1-1: Fly out, F8 (Flyball, 8RD, EV 108.8 MPH)
Top of the 3rd over - 0 runs, 1 hit, 0 errors, 3 left on base; Binghamton 1 - Greensboro 0
BOTTOM OF THE 3RD
Greensboro Grasshoppers batting - Pitching for Binghamton Mets : RHP Jarred Sharp
Batting: LHB Jose Cabello 0-0: Swinging Strike
0-1: Ground out 4-3 (Groundball, 4, EV 85.0 MPH)
Batting: RHB Akira Suzuki 0-0: Called Strike
0-1: Called Strike
0-2: Foul Ball, location: 2F
0-2: Ball
1-2: Ball
2-2: Foul Ball, location: 2F
2-2: Strikes out swinging
Pitching: LHP Micah Watson
Batting: RHB Willie Chavez 0-0: Ball
1-0: Ball
2-0: Foul Ball, location: 2F
2-1: Ball
3-1: Base on Balls
Batting: RHB Kyle Ashton 0-0: Ball
1-0: Fielders Choice at 2nd, U4 (Groundball, 4M, EV 91.9 MPH)
Bottom of the 3rd over - 0 runs, 0 hits, 0 errors, 1 left on base; Binghamton 1 - Greensboro 0
TOP OF THE 4TH
Binghamton Mets batting - Pitching for Greensboro Grasshoppers : RHP Zack Evans
Batting: RHB David Stayton 0-0: Fly out, F9 (Flyball, 9LS, EV 79.4 MPH)
Batting: LHB Mike Condon 0-0: Called Strike
0-1: Ground out 4-3 (Groundball, 4D, EV 106.9 MPH)
Batting: SHB Jerry Burrows 0-0: Ground out 3-1 (Groundball, 34S, EV 83.8 MPH)
Top of the 4th over - 0 runs, 0 hits, 0 errors, 0 left on base; Binghamton 1 - Greensboro 0
BOTTOM OF THE 4TH
Greensboro Grasshoppers batting - Pitching for Binghamton Mets : LHP Micah Watson
Batting: RHB Jordan Arcidez 0-0: Foul Ball, location: 2F
0-1: Foul Ball, location: 2F
0-2: SINGLE (Line Drive, 56, EV 103.1 MPH)
Batting: RHB John Jackson 0-0: Ball
1-0: Swinging Strike
1-1: Foul Ball, location: 2F
1-2: Strikes out swinging
Batting: RHB Humberto Oros 0-0: Ball
1-0: Called Strike
1-1: Foul Ball, location: 2F
1-2: Ball
Wild Pitch!
Jordan Arcidez to second
2-2: SINGLE (Groundball, 6MD, EV 100.0 MPH)
Jordan Arcidez to third
Runner from 3rd tries for Home, SAFE, throw by CF to home
Pitching: RHP Iwao Machida
Batting: RHB Marco Sianez 0-0: Ball
1-0: Foul Ball, location: 2F
1-1: Called Strike
1-2: DOUBLE (Line Drive, 3D, EV 105.0 MPH)
Humberto Oros to third
Batting: RHB Gavin Helton 0-0: Called Strike
0-1: Foul Ball, location: 2F
0-2: Foul Ball, location: 2F
0-2: Strikes out swinging
Batting: LHB Jose Cabello 0-0: Ball
1-0: Called Strike
1-1: Ball
2-1: Ground out 6-3 (Groundball, 4MD, EV 103.8 MPH)
Bottom of the 4th over - 1 run, 3 hits, 0 errors, 2 left on base; Binghamton 1 - Greensboro 1
TOP OF THE 5TH
Binghamton Mets batting - Pitching for Greensboro Grasshoppers : RHP Zack Evans
Batting: RHB Tetsuhiro Taki 0-0: Ball
1-0: Called Strike
1-1: Ball
2-1: Swinging Strike
2-2: Fly out, F7 (Flyball, 7, EV 91.9 MPH)
Batting: RHB Ben Herman 0-0: Ball
1-0: Foul Ball, location: 2F
1-1: Fly out, F9 (Flyball, 9S, EV 86.9 MPH)
Batting: LHB Bayesa Mundhir 0-0: Ball
1-0: Called Strike
1-1: Foul Ball, location: 2F
1-2: Strikes out swinging
Top of the 5th over - 0 runs, 0 hits, 0 errors, 0 left on base; Binghamton 1 - Greensboro 1
BOTTOM OF THE 5TH
Greensboro Grasshoppers batting - Pitching for Binghamton Mets : RHP Iwao Machida
Batting: RHB Akira Suzuki 0-0: Ball
1-0: SINGLE (Groundball, 6D, EV 96.9 MPH)
Batting: RHB Willie Chavez 0-0: Grounds into double play, 4-6-3 (Groundball, 4MD, EV 84.4 MPH)
Batting: RHB Kyle Ashton 0-0: SINGLE (Flyball, 34D, EV 92.5 MPH)
Batting: RHB Jordan Arcidez 0-0: Ball
1-0: Ball
Kyle Ashton steals 2nd base
2-0: Swinging Strike
2-1: DOUBLE (Line Drive, 7LM, EV 106.2 MPH)
Kyle Ashton scores
Pitching: LHP Jonathan O'Donnell
Batting: RHB John Jackson 0-0: Called Strike
0-1: Foul Ball, location: 2F
0-2: Ground out 6-3 (Groundball, 6, EV 84.4 MPH)
Bottom of the 5th over - 1 run, 3 hits, 0 errors, 1 left on base; Binghamton 1 - Greensboro 2
TOP OF THE 6TH
Binghamton Mets batting - Pitching for Greensboro Grasshoppers : RHP Zack Evans
Batting: LHB Adam Barry 0-0: Swinging Strike
0-1: Foul Ball, location: 2F
0-2: Foul Ball, location: 2F
0-2: Strikes out swinging
Batting: SHB Julio Ramos 0-0: Swinging Strike
0-1: Foul Ball, location: 2F
0-2: Ball
1-2: Foul Ball, location: 2F
1-2: Ground out 6-3 (Groundball, 4S, EV 88.8 MPH)
Batting: SHB Tadaaki Kondo 0-0: Called Strike
0-1: Called Strike
0-2: Ball
1-2: Ball
2-2: Strikes out swinging
Top of the 6th over - 0 runs, 0 hits, 0 errors, 0 left on base; Binghamton 1 - Greensboro 2
BOTTOM OF THE 6TH
Greensboro Grasshoppers batting - Pitching for Binghamton Mets : LHP Jonathan O'Donnell
Batting: RHB Humberto Oros 0-0: Swinging Strike
0-1: SINGLE (Line Drive, 9S, EV 105.6 MPH)
Batting: RHB Marco Sianez 0-0: Foul Ball, location: 2F
0-1: Foul Ball, location: 2F
0-2: DOUBLE (Groundball, 5L, EV 100.0 MPH)
Humberto Oros to third
Batting: RHB Gavin Helton 0-0: Foul Ball, location: 2F
0-1: Foul Ball, location: 2F
0-2: Strikes out swinging
Batting: LHB Jose Cabello 0-0: Foul Ball, location: 2F
0-1: Ball
1-1: SINGLE (Popup, 4MD, EV 46.2 MPH)
Humberto Oros scores
Marco Sianez to third
Batting: RHB Akira Suzuki 0-0: Swinging Strike
0-1: Ball
1-1: Foul Ball, location: 2F
1-2: SINGLE (Line Drive, 4D, EV 96.9 MPH)
Marco Sianez scores
Jose Cabello to second
Runner from 2nd tries for 3rd, OUT after rundown.
Pitching: LHP Mike Capers
Batting: RHB Willie Chavez 0-0: Fielders Choice at 2nd, U4 (Groundball, 6MD, EV 88.1 MPH)
Bottom of the 6th over - 2 runs, 4 hits, 0 errors, 1 left on base; Binghamton 1 - Greensboro 4
TOP OF THE 7TH
Binghamton Mets batting - Pitching for Greensboro Grasshoppers : RHP Zack Evans
Pitching: RHP Chris Forster
Batting: RHB David Stayton 0-0: Ball
1-0: Swinging Strike
1-1: Ball
2-1: Swinging Strike
2-2: Foul Ball, location: 2F
2-2: Foul Ball, location: 2F
2-2: Strikes out looking
Batting: LHB Mike Condon 0-0: Ball
1-0: Called Strike
1-1: Called Strike
1-2: Fly out, F8 (Flyball, 8LXD, EV 90.6 MPH)
Batting: SHB Jerry Burrows 0-0: Foul Ball, location: 2F
0-1: Called Strike
0-2: Fly out, F6 (Popup, 4MD, EV 65.6 MPH)
Top of the 7th over - 0 runs, 0 hits, 0 errors, 0 left on base; Binghamton 1 - Greensboro 4
BOTTOM OF THE 7TH
Greensboro Grasshoppers batting - Pitching for Binghamton Mets : LHP Mike Capers
Batting: RHB Kyle Ashton 0-0: Ball
1-0: Foul Ball, location: 2F
1-1: Ground out 5-3 (Groundball, 5S, EV 94.4 MPH)
Batting: RHB Jordan Arcidez 0-0: Swinging Strike
0-1: Foul Ball, location: 2F
0-2: Foul Ball, location: 2F
0-2: Ball
1-2: Ball
2-2: Ball
3-2: Fly out, F8 (Flyball, 8LD, EV 99.4 MPH)
Batting: RHB John Jackson 0-0: Ground out 5-3 (Groundball, 56, EV 106.9 MPH)
Bottom of the 7th over - 0 runs, 0 hits, 0 errors, 0 left on base; Binghamton 1 - Greensboro 4
TOP OF THE 8TH
Binghamton Mets batting - Pitching for Greensboro Grasshoppers : RHP Chris Forster
Pitching: RHP Glen Patterson
Batting: RHB Tetsuhiro Taki 0-0: Ground out 6-3 (Groundball, 6M, EV 87.5 MPH)
Batting: RHB Ben Herman 0-0: Foul Ball, location: 2F
0-1: Swinging Strike
0-2: Strikes out swinging
Batting: LHB Bayesa Mundhir 0-0: DOUBLE (Flyball, 89XD, EV 111.9 MPH)
Batting: LHB Adam Barry 0-0: Ball
1-0: Foul Ball, location: 2F
1-1: Swinging Strike
1-2: Ball
2-2: Foul Ball, location: 2F
2-2: Ball
3-2: Ground out 6-3 (Groundball, 6, EV 86.2 MPH)
Top of the 8th over - 0 runs, 1 hit, 0 errors, 1 left on base; Binghamton 1 - Greensboro 4
BOTTOM OF THE 8TH
Greensboro Grasshoppers batting - Pitching for Binghamton Mets : LHP Mike Capers
Pitching: RHP Jason Vulich
Batting: RHB Humberto Oros 0-0: Fly out, F8 (Flyball, 8RD, EV 103.8 MPH)
Batting: RHB Marco Sianez 0-0: Ball
1-0: Ball
2-0: Ball
3-0: Base on Balls
Batting: RHB Gavin Helton 0-0: Ball
1-0: Foul Ball, location: 2F
1-1: Called Strike
1-2: Ball
2-2: DOUBLE (Line Drive, 5D, EV 97.5 MPH)
Marco Sianez to third
Runner from 3rd tries for Home, SAFE, no throw by LF
Batting: LHB Jose Cabello 0-0: Called Strike
Gavin Helton steals 3rd base
0-1: Ball
1-1: Ball
Wild Pitch!
Gavin Helton scores
2-1: Ground out U3 (Groundball, 3L, EV 110.6 MPH)
Batting: RHB Akira Suzuki 0-0: Ball
1-0: Ball
2-0: Swinging Strike
2-1: Ball
3-1: Called Strike
3-2: Base on Balls
Batting: RHB Willie Chavez 0-0: Ball
1-0: Called Strike
1-1: Called Strike
1-2: DOUBLE (Line Drive, 7LD, EV 105.0 MPH)
Akira Suzuki to third
Runner from 3rd tries for Home, SAFE, no throw by LF
Batting: RHB Kyle Ashton 0-0: Called Strike
0-1: Ball
1-1: Ball
2-1: Ball
3-1: Foul Ball, location: 2F
3-2: SINGLE (Line Drive, 89M, EV 102.5 MPH)
Willie Chavez to third
Runner from 3rd tries for Home, SAFE, throw by RF to home
Batting: RHB Jordan Arcidez 0-0: Ball
1-0: Swinging Strike
1-1: Ball
2-1: Foul Ball, location: 2F
2-2: Strikes out swinging
Bottom of the 8th over - 4 runs, 3 hits, 0 errors, 1 left on base; Binghamton 1 - Greensboro 8
TOP OF THE 9TH
Binghamton Mets batting - Pitching for Greensboro Grasshoppers : RHP Glen Patterson
Batting: SHB Julio Ramos 0-0: Called Strike
0-1: Ball
1-1: Foul Ball, location: 2F
1-2: Strikes out swinging
Batting: SHB Tadaaki Kondo 0-0: Ball
1-0: Swinging Strike
1-1: Foul Ball, location: 2F
1-2: Foul Ball, location: 2F
1-2: Ball
2-2: Strikes out swinging
Batting: RHB David Stayton 0-0: Swinging Strike
0-1: Foul Ball, location: 2F
0-2: Strikes out swinging
Top of the 9th over - 0 runs, 0 hits, 0 errors, 0 left on base; Binghamton 1 - Greensboro 8
Wednesday, June 22nd , 2022 - OOTP Baseball 23.4 Build 64